 Dungeon Crawl Stone Soup version 0.22-a0-515-g75794bf (webtiles) character file.

36703 Amnesiac the Fetichist (level 13, -1/70 HPs)
             Began as a Spriggan Monk on June 19, 2018.
             Was an Initiate of Gozag.
             Killed by divine providence
             ... invoked by an orc priest
              (16 damage)
             ... on level 2 of the Orcish Mines.
             The game lasted 00:58:14 (20276 turns).

Amnesiac the Fetichist (Spriggan Monk)             Turns: 20276, Time: 00:58:15

Health: -1/70      AC:  5    Str: 13    XL:     13   Next: 54%
Magic:  27/27      EV: 26    Int: 13    God:    Gozag
Gold:   4422       SH: 12    Dex: 20    Spells: 6/12 levels left

rFire    + . .     SeeInvis +   a - +1 short sword (drain)
rCold    + . .     Gourm    .   y - +3 buckler
rNeg     + . .     Faith    .   R - +1 robe {rC+}
rPois    +         Spirit   .   P - +1 hat
rElec    .         Reflect  .   k - +0 cloak
rCorr    .         Harm     .   (gloves unavailable)
MR       ++...                  (boots unavailable)
Stlth    ++++......             (no amulet)
HPRegen  0.21/turn              g - ring of poison resistance
MPRegen  0.20/turn              e - ring of positive energy

@: gold aura, very quick
A: very small, unfitting armour, see invisible, agile 1, fire resistance 1,
herbivore, speed 3, slow metabolism 2, strong 1, sturdy frame 1
a: Potion Petition, Call Merchant, Bribe Branch, Renounce Religion


You were on level 2 of the Orcish Mines.
You worshipped Gozag.
Gozag was most pleased with you.
You were not hungry.

You visited 3 branches of the dungeon, and saw 16 of its levels.
You also visited: Bailey and Ice Cave.

You collected 4639 gold pieces.
You spent 217 gold pieces at shops.

Inventory:

Hand Weapons
 a - a +1 short sword of draining (weapon)
 b - a +3 scimitar of flaming
 j - a +3 dagger of flaming
 F - a +2 dagger of venom
Armour
 k - a +0 cloak (worn)
 y - a +3 buckler (worn)
 P - a +1 hat (worn)
 R - a +1 robe of cold resistance (worn)
Jewellery
 e - a ring of positive energy (right hand)
 f - an uncursed amulet of harm
 g - a ring of poison resistance (left hand)
 h - an uncursed ring of wizardry
 i - an uncursed ring of fire
 x - a +5 ring of intelligence
 M - an uncursed ring of protection from cold
Wands
 l - a wand of paralysis (14)
 m - a wand of iceblast (23)
 t - a wand of scattershot (7)
 v - a wand of polymorph (5)
 I - a wand of acid (6)
 O - a wand of enslavement (5)
Scrolls
 d - 3 scrolls of remove curse {!r}
 n - 5 scrolls of blinking {!r}
 o - 8 scrolls of enchant weapon {!r}
 r - 3 scrolls of enchant armour {!r}
 C - 2 scrolls of fear {!r}
 D - a scroll of fog {!r}
 E - 3 scrolls of amnesia {!r}
 J - 10 scrolls of teleportation {!r}
Potions
 q - a potion of agility {!q}
 s - 3 potions of brilliance {!q}
 u - a potion of mutation {!q}
 w - a potion of cancellation {!q}
 z - 2 potions of might {!q}
 A - 2 potions of curing {!q}
 B - 2 potions of berserk rage {!q}
 G - 2 potions of invisibility {!q}
 H - a potion of haste {!q}
 K - a potion of flight {!q}
 L - a potion of heal wounds {!q}
 N - a potion of magic {!q}
 Q - a potion of resistance {!q}
Comestibles
 c - 16 rations


   Skills:
 + Level 9.5 Fighting
 - Level 8.0 Short Blades
 - Level 9.0 Dodging
 - Level 8.0 Stealth
 - Level 7.5 Shields
 - Level 19.0 Evocations


You had 6 spell levels left.
You knew the following spells:

 Your Spells              Type           Power        Failure   Level  Hunger
a - Summon Small Mammal   Summ           #...         30%         1    ##.....
b - Call Imp              Summ           #.......     43%         2    ###....
c - Call Canine Familiar  Summ           #.......     67%         3    ####...

Your spell library contained the following spells:

 Spells                   Type           Power        Failure   Level  Hunger
 Bolt of Cold             Conj/Ice       #.........   100%        6    #######
 Throw Frost              Conj/Ice       #.....       43%         2    ###....
 Freezing Cloud           Conj/Ice/Air   #.........   100%        6    #######
 Freeze                   Ice            #...         30%         1    ##.....
 Ozocubu's Refrigeration  Ice            #.........   100%        6    #######
 Summon Ice Beast         Ice/Summ       #.......     97%         4    #####..
 Ozocubu's Armour         Chrm/Ice       #.......     67%         3    ####...
 Ice Form                 Ice/Tmut       #.......     97%         4    #####..
 Throw Icicle             Conj/Ice       #.......     97%         4    #####..
 Metabolic Englaciation   Hex/Ice        #.........   100%        5    ######.
 Simulacrum               Ice/Necr       #.........   100%        6    #######
 Beastly Appendage        Tmut           #.....       30%         1    ##.....
 Summon Lightning Spire   Summ/Air       #.......     97%         4    #####..
 Summon Guardian Golem    Hex/Summ       #.......     67%         3    ####...


Dungeon Overview and Level Annotations

Branches:
Dungeon (13/15)            Temple (1/1) D:5            Lair (0/6) D:8
    Orc (2/2) D:9
    Elf: Orc:2       Vaults: D:13-14

Altars:
Ashenzari
Cheibriados
Dithmenos
Elyvilon
Fedhas
Gozag
Hepliaklqana
Kikubaaqudgha
Makhleb
Nemelex Xobeh
Okawaru
Qazlal
Ru
Sif Muna
Trog
Uskayaw
Vehumet
Wu Jian
Xom
Yredelemnul
Zin
The Shining One

Shops:
D:10 [   D:11 (   Orc:2 ?

Annotations:
D:12 1 runed door


Innate Abilities, Weirdness & Mutations

You are very small and have problems with some larger weapons.
You are too small for most types of armour.
You have supernaturally acute eyesight. (SInv)
You are a herbivore.
You cover ground extremely quickly.
You need to consume almost no food.
You are agile. (Dex +2)
Your flesh is heat resistant. (rF+)
Your muscles are strong. (Str +2)
Your movements are slightly less encumbered by armour. (ER -2)


Message History

The orc warlord unwields an uncursed great mace of protection.
The orc warlord wields an arbalest.
The orc warlord shoots a bolt.
The bolt hits you!
* * * LOW HITPOINT WARNING * * *
You hear a shout!
You see here a bolt.
Okay, then.
Evoke which item? (* to show all) (? for menu, Esc to quit)
Aiming: Paralyse
Press: ? - help, Shift-Dir - straight line, f - orc warlord
Aim: an orc warlord, wielding an arbalest and wearing a chain mail (chance to defeat MR: 51%)
The orc warlord resists with some effort.
Evoke which item? (* to show all) (? for menu, Esc to quit)
Aiming: Paralyse
Press: ? - help, Shift-Dir - straight line, f/p - orc warlord
Aim: an orc warlord, wielding an arbalest and wearing a chain mail (chance to defeat MR: 51%)
The orc warlord suddenly stops moving!
The orc shouts!
You hear a shout!
The orc shouts!
You hear a shout!
The helpless orc warlord fails to defend itself.
You spit the orc warlord like a pig!!!
The orc warlord is heavily wounded.
The helpless orc warlord fails to defend itself.
You perforate the orc warlord like a sieve!!!
You kill the orc warlord!
You see here a bolt.
You swing at nothing.
You swing at nothing.
You hit the orc. You drain the orc!
You kill the orc!
Evoke which item? (* to show all) (? for menu, Esc to quit)
Okay, then.
Evoke which item? (* to show all) (? for menu, Esc to quit)
Aiming: Iceblast
Press: ? - help, Shift-Dir - straight line, f - orc warrior
Aim: an orc warrior, wielding a battleaxe and wearing a chain mail The mass of ice explodes!
The iceblast engulfs the orc warrior.
The orc warrior is severely wounded.
You hear a shout!
Evoke which item? (* to show all) (? for menu, Esc to quit)
Aiming: Iceblast
Press: ? - help, Shift-Dir - straight line, f/p - orc warrior
Aim: an orc warrior, wielding a battleaxe and wearing a chain mail (severely wounded)
The mass of ice explodes!
The iceblast engulfs the orc warrior.
You kill the orc warrior!
Evoke which item? (* to show all) (? for menu, Esc to quit)
Aiming: Iceblast
Press: ? - help, Shift-Dir - straight line, f - orc warrior
Aim: an orc warrior, wielding a halberd and wearing a chain mail The mass of ice explodes!
The iceblast engulfs the orc warrior.
The orc warrior is almost dead.
Evoke which item? (* to show all) (? for menu, Esc to quit)
Aiming: Iceblast
Press: ? - help, Shift-Dir - straight line, f/p - orc warrior
Aim: an orc warrior, wielding a halberd and wearing a chain mail (almost dead)
The mass of ice explodes!
The iceblast engulfs the orc warrior.
You kill the orc warrior!
You hear a shout!
The orc warrior shouts!
An orc priest comes into view. It is wielding a mace.
The orc warrior is distracted by the nearby gold.
The orc priest calls down the wrath of Beogh upon you.
Beogh smites you!
You die...
Your body crumbles into a pile of gold.

...# ... # #..
#...#.##...
#......$..## ##
#......#$#.##.##
#.......#$.....#
+###........#$...##
.........o##(@.##
#.....o.###o## #
#..<......#$## #
#.........o..# #
#......$..o.## #
#......$o....#
######...$$.(.....##
........#$.(o..(...#
..........))...(#..##


You could see an orc warrior (unaware), an orc priest and an orc.

Vanquished Creatures
  An orc warlord (Orc:2)
  A centaur warrior (D:12)
  Erica (D:9)
  A hydra (D:12)
  6 two-headed ogres
  A tengu warrior (D:12)
  5 orc high priests (Orc:2)
  2 unseen horrors
  The ghost of TheNamelessOne the Changer, a novice OpTm of Cheibriados (D:7)
  An orc knight (Bailey)
  4 ugly things
  A necromancer (IceCv)
  A shining eye (Bailey)
  3 centaur zombies
  2 cyclopes
  Maurice (D:12)
  An ice statue (IceCv)
  Joseph (D:9)
  A gargoyle (D:12)
  9 freezing wraiths (IceCv)
  A kobold demonologist (D:13)
  A komodo dragon (D:12)
  5 trolls
  2 hornets
  A hippogriff (D:12)
  A spriggan (D:7)
  A shadow (D:12)
  10 yaks
  A wyvern (D:12)
  A fire bat (Bailey)
  A wraith (D:12)
  A steam dragon (D:10)
  4 hungry ghosts
  6 basilisks
  2 death yak simulacra (IceCv)
  5 wargs
  A water moccasin (D:6)
  5 porcupines (D:8)
  4 ice beasts
  2 sky beasts
  2 black bears
  16 orc warriors
  A swamp drake (D:8)
  A hornet zombie (D:10)
  An alligator simulacrum (IceCv)
  11 ogres
  3 necrophages
  3 phantoms
  4 centaurs
  A crocodile (D:10)
  8 bullfrogs
  2 big kobolds
  A gnoll sergeant (D:6)
  2 wyvern skeletons
  6 scorpions
  14 killer bees
  5 wights (D:10)
  2 electric eels (D:10)
  5 howler monkeys
  5 crimson imps
  3 draconian simulacra (IceCv)
  A bullfrog zombie (D:6)
  A quasit (D:9)
  8 hounds
  4 jellies
  13 orc priests
  A centaur skeleton (D:4)
  2 bullfrog skeletons
  4 iguanas
  21 orc wizards
  10 worker ants
  5 troll simulacra (IceCv)
  A wolf simulacrum (IceCv)
  3 spriggan simulacra (IceCv)
  4 centaur simulacra (IceCv)
  3 hound skeletons
  2 worker ant zombies
  5 adders
  7 gnolls
  4 naga simulacra (IceCv)
  5 shadow imps
  7 white imps (IceCv)
  An adder zombie (D:6)
  4 worms
  7 leopard geckos
  94 orcs
  7 giant cockroaches
  16 goblins
  8 hobgoblins
  10 jackals
  12 kobolds
  7 quokkas
  A ball python (D:1)
  5 bats
  3 frilled lizards
  A jackal zombie (D:5)
  A leopard gecko simulacrum (D:7)
  A leopard gecko skeleton (D:5)
  A leopard gecko zombie (D:7)
  3 rats
488 creatures vanquished.

Vanquished Creatures (collateral kills)
  A freezing wraith (IceCv)
  3 ice beasts (IceCv)
  5 white imps (IceCv)
9 creatures vanquished.

Vanquished Creatures (others)
  A spectral bullfrog (D:7)
  A spriggan simulacrum (IceCv)
  A bush (D:8)
  A fungus (D:8)
  9 plants (D:8)
13 creatures vanquished.

Grand Total: 510 creatures vanquished

Notes
Turn   | Place    | Note
-------+----------+-------------------------------------------
     0 | D:1      | Amnesiac the Spriggan Monk began the quest for the Orb.
     0 | D:1      | Reached XP level 1. HP: 11/11 MP: 2/2
   150 | D:3      | Noticed a necrophage
   168 | D:3      | Found a basalt altar of Yredelemnul.
   272 | D:4      | Found a burning altar of Makhleb.
   272 | D:4      | Noticed an orc wizard
   295 | D:4      | Reached XP level 2. HP: 14/16 MP: 3/3
   295 | D:4      | Reached XP level 3. HP: 16/19 MP: 4/4
   361 | D:5      | Entered Level 5 of the Dungeon
   361 | D:5      | Found a shadowy altar of Dithmenos.
   364 | D:5      | Reached XP level 4. HP: 23/23 MP: 5/5
   414 | D:5      | Reached skill level 2 in Evocations
   448 | D:5      | Noticed a centaur
   615 | D:5      | Noticed an ogre
   692 | D:5      | Found a staircase to the Ecumenical Temple.
   701 | Temple   | Entered the Ecumenical Temple
   761 | Temple   | Became a worshipper of Gozag Ym Sagoz the Greedy
   790 | Temple   | Reached skill level 3 in Evocations
   869 | D:5      | Reached XP level 5. HP: 23/27 MP: 8/8
   927 | D:4      | Noticed a phantom
   930 | D:4      | Found a shattered altar of Ashenzari.
   977 | D:4      | Reached skill level 5 in Short Blades
  1026 | D:4      | Reached skill level 5 in Stealth
  1102 | D:2      | Reached skill level 4 in Evocations
  2559 | D:2      | Found an ornate altar of the Wu Jian Council.
  2581 | D:2      | Found an iron altar of Okawaru.
  2582 | D:2      | Found a glowing silver altar of Zin.
  2582 | D:2      | Found a snail-covered altar of Cheibriados.
  2583 | D:2      | Found a white marble altar of Elyvilon.
  2989 | D:3      | Found a sparkling altar of Nemelex Xobeh.
  3026 | D:3      | Reached XP level 6. HP: 32/32 MP: 10/10
  3772 | D:4      | Reached skill level 5 in Dodging
  3946 | D:4      | Reached XP level 7. HP: 32/34 MP: 11/11
  3952 | D:4      | Reached skill level 5 in Evocations
  4462 | D:5      | HP: 1/34 [centaur/uncursed whip (6)]
  4511 | D:5      | Reached XP level 8. HP: 14/39 MP: 13/13
  4867 | D:6      | Found a blossoming altar of Fedhas.
  4881 | D:6      | Reached skill level 6 in Evocations
  5636 | D:7      | Reached skill level 7 in Evocations
  5887 | D:7      | Reached skill level 8 in Evocations
  6080 | D:7      | Reached XP level 9. HP: 32/44 MP: 16/16
  6159 | D:7      | Paralysed by a crimson imp for 5 turns
  6280 | D:7      | Reached skill level 5 in Fighting
  6603 | D:7      | Found an ancient bone altar of Kikubaaqudgha.
  6662 | D:7      | Found a runed gate.
  6662 | D:7      | Found a runed gate.
  6662 | D:7      | Found a runed gate.
  6668 | D:7      | Noticed TheNamelessOne's ghost (novice OpTm)
  7172 | D:7      | Killed TheNamelessOne's ghost
  7235 | D:8      | Identified a paperback manual
  7380 | D:8      | Learned a level 1 spell: Summon Small Mammal
  7592 | D:8      | Reached XP level 10. HP: 48/56 MP: 17/17
  7859 | D:8      | Reached skill level 9 in Evocations
  7898 | D:8      | Reached skill level 10 in Evocations
  8043 | D:8      | Found a staircase to the Lair.
  8303 | D:8      | Reached skill level 11 in Evocations
  8694 | D:9      | Found a staircase to the Orcish Mines.
  8728 | D:9      | Noticed a purple ugly thing
  8775 | D:9      | Killed a purple ugly thing
  8775 | D:9      | Reached skill level 12 in Evocations
  8810 | D:9      | Found a flagged portal.
  8833 | Bailey   | Entered a bailey
  9005 | Bailey   | Learned a level 2 spell: Call Imp
  9009 | Bailey   | Learned a level 3 spell: Call Canine Familiar
  9388 | Bailey   | Noticed an orc knight
  9429 | Bailey   | Reached skill level 13 in Evocations
  9450 | Bailey   | Noticed an orc knight
  9501 | Bailey   | Killed an orc knight
  9621 | Bailey   | Noticed an orc knight
  9639 | Bailey   | an orc knight changed into a fire bat
  9767 | Bailey   | Reached XP level 11. HP: 50/60 MP: 22/22
  9883 | Bailey   | Noticed a two-headed ogre
  9883 | Bailey   | an orc knight changed into a two-headed ogre
  9905 | Bailey   | Noticed an orc knight
  9908 | Bailey   | Killed a two-headed ogre
  9908 | Bailey   | Reached skill level 14 in Evocations
  9909 | Bailey   | an orc knight changed into a snapping turtle
  9910 | Bailey   | Noticed a shining eye
  9910 | Bailey   | a snapping turtle changed into a shining eye
  9918 | Bailey   | Gained mutation: Your spells are a little harder to cast, but a little more powerful. [a shining eye]
  9922 | Bailey   | Gained mutation: You are weak. (Str -2) [a shining eye]
  9925 | Bailey   | Killed a shining eye
  9996 | Bailey   | Lost mutation: Your spells are a little harder to cast, but a little more powerful. [potion of mutation]
  9996 | Bailey   | Lost mutation: You are weak. (Str -2) [potion of mutation]
  9996 | Bailey   | Gained mutation: You are agile. (Dex +2) [potion of mutation]
  9996 | Bailey   | Gained mutation: Your movements are slightly less encumbered by armour. (ER -2) [potion of mutation]
  9996 | Bailey   | Gained mutation: Your flesh is heat resistant. (rF+) [potion of mutation]
  9996 | Bailey   | Gained mutation: Your muscles are strong. (Str +2) [potion of mutation]
 10441 | D:9      | Noticed Erica
 10442 | D:9      | Killed Erica
 10442 | D:9      | Reached skill level 15 in Evocations
 10541 | D:9      | Noticed Joseph
 10571 | D:9      | Killed Joseph
 10763 | D:9      | Noticed a two-headed ogre
 10826 | D:9      | Killed a two-headed ogre
 10844 | D:9      | Noticed a two-headed ogre
 10852 | D:9      | Killed a two-headed ogre
 10852 | D:9      | Reached skill level 16 in Evocations
 10989 | D:9      | Found a shimmering altar of Xom.
 11714 | Orc:1    | Entered Level 1 of the Orcish Mines
 12033 | Orc:1    | Noticed a two-headed ogre
 12262 | D:10     | Entered Level 10 of the Dungeon
 12276 | D:10     | Noticed an unseen horror
 12307 | D:10     | Killed an unseen horror
 12327 | D:10     | Reached skill level 17 in Evocations
 13038 | D:10     | Found Fuwniti's Antique Armour Shop.
 13039 | D:10     | Noticed a two-headed ogre
 13433 | D:10     | Bought a glowing hat for 217 gold pieces
 13584 | D:11     | Found a frozen archway.
 13720 | IceCv    | Entered an ice cave
 13799 | IceCv    | Reached XP level 12. HP: 18/64 MP: 25/25
 13842 | IceCv    | Reached skill level 18 in Evocations
 14041 | IceCv    | Reached skill level 1 in Shields
 15007 | IceCv    | Found an ancient bone altar of Kikubaaqudgha.
 16230 | D:11     | Found Vuipatt's Antique Weapon Shoppe.
 16369 | D:11     | Found a deep blue altar of Sif Muna.
 16395 | D:11     | Identified Sif Muna's Grimoire of Shape Shifting
 16830 | D:12     | Noticed a centaur warrior
 16855 | D:12     | Noticed a tengu warrior
 16904 | D:12     | Reached skill level 5 in Shields
 17323 | D:12     | Noticed Maurice
 17345 | D:12     | Killed Maurice
 17855 | D:12     | Found a runed door.
 17857 | D:12     | Noticed a war gargoyle
 17928 | D:12     | Killed a tengu warrior
 18042 | D:12     | Killed a centaur warrior
 18337 | D:12     | Noticed a two-headed ogre
 18352 | D:12     | Killed a two-headed ogre
 18352 | D:12     | Reached XP level 13. HP: 62/68 MP: 27/27
 19006 | Orc:1    | Reached skill level 19 in Evocations
 19527 | Orc:2    | Entered Level 2 of the Orcish Mines
 19527 | Orc:2    | Found Heelacw's Magic Scroll Shop.
 19527 | Orc:2    | Noticed an orc warlord
 20264 | Orc:2    | Killed an orc warlord
 20276 | Orc:2    | Killed from afar by an orc priest

Vault maps used:
D:1:      minmay_arrival_floating_metal, minivault_23
D:2:      cheibrodos_greedy_goblins, marbit_many_paths,
          chequers_temple_overflow_statue_of_worship, patterned_corridor
D:3:      overflow_temple_1_default, lemuel_crystal_altar
D:4:      ashenzari_altar_1, kennysheep_little_box, cheibrodos_gnoll_hut
D:5:      nicolae_dithmenos_shadow_blocks, temple_fountains, first_ration,
          st_stairs_5, kennysheep_generic_room_10
D:6:      overflow_temple_1_default
D:7:      kennysheep_mini, gammafunk_ghost_necromancy, the_bakery
D:8:      minmay_lair_entry_grove, minmay_misc_feat_iff
D:9:      xom_teletrap_fun, david_orc_3, enter_bailey_3, uniq_joseph, uniq_erica
D:10:     serial_shops, shop_statue, nrook_pool_corridor
D:11:     portal_ice_cave_entry_pillars_2, serial_shops, nicolae_shop_trees,
          led_sif_book
D:12:     minmay_cornered_nines, minmay_hidden_floor, uniq_maurice
Temple:   compressed_dpeg_triangle_lava_temple
Orc:2:    st_orc_town, serial_shops, nicolae_shop_stone,
          nicolae_shop_statue_plus
Bailey:   bailey_polearm_5, bailey
IceCv:    ice_cave_small_necro

Skill      XL: |  1  2  3  4  5  6  7  8  9 10 11 12 13 |
---------------+----------------------------------------+-----
Short Blades   | 4 5 6 7 8 |  8.0
Stealth        | 4 5 6 7 8 |  8.0
Evocations     | 3 4 5 8 13 17 18 19 | 19.0
Dodging        | 5 6 8 9 |  9.0
Fighting       | 3 7 8 9 |  9.5
Shields        | 7 |  7.5

Action                   |  1- 3 |  4- 6 |  7- 9 | 10-12 | 13-15 || total
-------------------------+-------+-------+-------+-------+-------++-------
Melee: Short sword       |    26 |    65 |       |   524 |   238 ||   853
       Dagger            |       |   161 |   367 |   897 |    57 ||  1482
       Spear             |       |       |       |    68 |       ||    68
       Scimitar          |       |       |       |    22 |    17 ||    39
Evoke: Wand              |       |    24 |    18 |    98 |    19 ||   159
  Use: Scroll            |       |       |    13 |    14 |       ||    27
       Potion            |       |       |     4 |     9 |     4 ||    17
 Stab: Sleeping          |     4 |    15 |     9 |    23 |     7 ||    58
       Distracted        |       |     3 |     8 |    20 |     3 ||    34
       Confused          |       |     1 |       |     1 |       ||     2
       Paralysed         |       |       |       |     6 |     2 ||     8
  Eat: Ration            |       |       |     2 |     8 |     1 ||    11
Armor: Robe              |     3 |     6 |     9 |    54 |     8 ||    80
       Skin              |       |       |       |       |     2 ||     2
Dodge: Dodged            |    35 |   141 |   154 |   711 |   147 ||  1188
Block: Buckler           |       |    23 |    59 |   453 |   136 ||   671
       Rpst.: Scimitar   |       |       |       |     5 |     1 ||     6

Table legend:
 A = Spawn XP
 B = Non-spawn XP
 C = Spawn XP percentage of total XP
 D = Spawn monster count
 E = Non-spawn monster count
 F = Spawn count percentage of total count
 G = Total turns spent on level
                    A         B        C        D         E        F      G
               +---------+---------+-------+---------+---------+-------+---------
         Total |       0 |   52433 |   0.0 |       0 |     498 |   0.0 | 20276
               +---------+---------+-------+---------+---------+-------+---------
           D:1 |       0 |      13 |   0.0 |       0 |       9 |   0.0 |  1043
           D:2 |       0 |      57 |   0.0 |       0 |      25 |   0.0 |  1008
           D:3 |       0 |     221 |   0.0 |       0 |      17 |   0.0 |   888
           D:4 |       0 |     531 |   0.0 |       0 |      27 |   0.0 |   847
           D:5 |       0 |     598 |   0.0 |       0 |      19 |   0.0 |   935
           D:6 |       0 |     622 |   0.0 |       0 |      13 |   0.0 |   881
           D:7 |       0 |    2668 |   0.0 |       0 |      45 |   0.0 |  1531
           D:8 |       0 |    3542 |   0.0 |       0 |      32 |   0.0 |  1456
           D:9 |       0 |    6422 |   0.0 |       0 |      60 |   0.0 |  2261
          D:10 |       0 |    2943 |   0.0 |       0 |      27 |   0.0 |  1337
          D:11 |       0 |    2078 |   0.0 |       0 |      24 |   0.0 |   878
          D:12 |       0 |   12209 |   0.0 |       0 |      39 |   0.0 |  1958
          D:13 |       0 |     866 |   0.0 |       0 |       5 |   0.0 |    76
        Temple |       0 |      36 |   0.0 |       0 |       1 |   0.0 |   102
         Orc:1 |       0 |    2334 |   0.0 |       0 |      14 |   0.0 |   811
         Orc:2 |       0 |    8013 |   0.0 |       0 |      48 |   0.0 |   704
        Bailey |       0 |    3074 |   0.0 |       0 |      40 |   0.0 |  1178
         IceCv |       0 |    6206 |   0.0 |       0 |      53 |   0.0 |  2382
               +---------+---------+-------+---------+---------+-------+---------
